 Dungeon Crawl Stone Soup version 0.23-a0-359-g9beedce (webtiles) character file.

114 namelastname112 the Magician (level 4, -5/54 HPs)
             Began as a Draconian Wizard on Oct 23, 2018.
             Killed from afar by Sigmund (9 damage)
             ... with a magic dart
             ... on level 3 of the Dungeon.
             The game lasted 00:05:40 (2652 turns).

namelastname112 the Magician (Draconian Wizard)     Turns: 2652, Time: 00:05:40

Health: -5/54      AC: 20    Str:  9    XL:     4   Next: 67%
Magic:  1/9        EV:  2    Int: 25    God:
Gold:   206        SH:  0    Dex:  9    Spells: 9/10 levels left

rFire    . . .     SeeInvis .   (no weapon)
rCold    . . .     Gourm    .   (no shield)
rNeg     + + +     Faith    .   (armour unavailable)
rPois    +         Spirit   .   (helmet currently unavailable)
rElec    .         Reflect  .   (cloak currently unavailable)
rCorr    .         Harm     .   (gloves currently unavailable)
MR       .....     NoTele   +   (boots currently unavailable)
Stlth    ++........             (no amulet)
HPRegen  0.18/turn              p - -2 ring of protection (curse)
MPRegen  0.11/turn              (no ring)

@: brilliant, tree-form, very slightly contaminated, invisible
A: unfitting armour, AC +5
a: no special abilities


You were on level 3 of the Dungeon.
You were not hungry.
You were a tree.
You visited 1 branch of the dungeon, and saw 3 of its levels.

You collected 206 gold pieces.

Inventory:

Hand Weapons
 e - a +0 dagger
Armour
 a - a +0 hat (melded)
Jewellery
 p - a cursed -2 ring of protection (left branch)
Scrolls
 b - a scroll of immolation {unknown}
 d - a scroll of random uselessness {unknown}
 i - a scroll of enchant weapon {unknown}
 j - 5 scrolls of remove curse {unknown}
 k - a scroll of enchant armour {unknown}
 l - a scroll of amnesia {unknown}
 n - 2 scrolls of teleportation {unknown}
Comestibles
 c - 10 rations
 o - 4 chunks of flesh


   Skills:
 + Level 1.7 Fighting
 + Level 2.4 Dodging
 - Level 1.7 Stealth
 * Level 3.8 Spellcasting
 * Level 2.6 Conjurations
   Level 1.0 Summonings
   Level 1.0 Translocations


You had 9 spell levels left.
You knew the following spells:

 Your Spells              Type           Power        Failure   Level  Hunger
z - Magic Dart            Conj           ####         1%          1    None

Your spell library contained the following spells:

 Spells                   Type           Power        Failure   Level  Hunger
 Blink                    Tloc           N/A          1%          2    #......
 Call Imp                 Summ           ###.....     1%          2    #......
 Slow                     Hex            ###.....     1%          2    #......
 Conjure Flame            Conj/Fire      ####....     1%          3    ##.....
 Mephitic Cloud           Conj/Pois/Air  ###.....     2%          3    ##.....


Dungeon Overview and Level Annotations

Branches:
Dungeon (3/15)

Altars:

Annotations:
D:3 Sigmund


Innate Abilities, Weirdness & Mutations

((Your plain brown scales are hard. (AC +5)))
You cannot fit into any form of body armour.
((You are cold-blooded and may be slowed by cold attacks.))


Message History

You miss something. Something hits you but does no damage.
You swing at nothing.
You closely miss something.
You hear some strange, mumbled words.
A puff of flame appears from out of thin air!
Helpless, you fail to dodge the puff of flame.
Some of the chunks of flesh in your inventory have rotted away.
You swing at nothing.
You feel less confused.
You hear some strange, mumbled words.
A puff of flame appears from out of thin air!
The puff of flame hits you!
* * * LOW HITPOINT WARNING * * *
You take 2 damage, and have 4/54 hp.
You barely miss something. Something hits you but does no damage.
You hit something but do no damage.
You hear some strange, mumbled words.
A magic dart appears from out of thin air!
The magic dart hits you!
You die...

####
###...######
........♣{.#
....##.##.#
#. #.#...#.#
...#.......#
.....#...#.#
........##.##
#.#.##......#
....##.#.##.#
##........#[#


There were no monsters in sight!

Vanquished Creatures
  3 gnolls (D:2)
  3 adders
  3 leopard geckos
  An orc (D:3)
  2 ball pythons (D:1)
  A giant cockroach (D:1)
  8 goblins
  3 hobgoblins
  7 jackals
  7 kobolds
  8 bats
  3 frilled lizards
  5 rats
54 creatures vanquished.

Notes
Turn   | Place    | Note
-------+----------+-------------------------------------------
     0 | D:1      | namelastname112 the Draconian Wizard began the quest for
                  | the Orb.
     0 | D:1      | Reached XP level 1. HP: 14/14 MP: 4/4
   158 | D:1      | Reached XP level 2. HP: 22/22 MP: 0/6
   784 | D:1      | Reached skill level 1 in Fighting
  1149 | D:2      | Reached XP level 3. HP: 28/28 MP: 3/7
  2004 | D:2      | Reached XP level 4. HP: 35/35 MP: 4/9
  2591 | D:3      | Noticed Sigmund
  2652 | D:3      | Killed from afar by Sigmund

Vault maps used:
D:1:      zelgadis_glass_arrival_small
D:3:      amethyst_overflow_temple_binary, nicolae_overflow_crystal_walls,
          portal_sewer_entry_b, first_ration, chequers_serial_rivers_small_a,
          hangedman_decor_clover_reticule, serial_bayou_crossing, uniq_sigmund

Skill      XL: |  1  2  3 |
---------------+----------+-----
Dodging        | 2 |  2.4
Fighting       | 1 |  1.7
Conjurations   | 2 |  2.6
Stealth        | |  1.7
Spellcasting   | |  3.8
Summonings     | |  1.0
Translocations | |  1.0

Action                   |  1- 3 |  4- 6 || total
-------------------------+-------+-------++-------
Melee: Dagger            |    78 |     7 ||    85
       Tailslap          |     9 |     1 ||    10
       Unarmed           |       |     4 ||     4
 Cast: Magic Dart        |    85 |    49 ||   134
  Use: Potion            |     1 |     5 ||     6
 Stab: Sleeping          |     1 |       ||     1
  Eat: Chunk             |     3 |     2 ||     5
Armor: Skin              |    34 |    20 ||    54
Dodge: Dodged            |    76 |    10 ||    86

Table legend:
 A = Non-vault XP
 B = Vault XP
 C = Vault XP percentage of total XP
 D = Non-vault monster count
 E = Vault monster count
 F = Vault count percentage of total count
                 A         B        C        D         E       F
            +---------+---------+-------+---------+---------+-------
      Total |     164 |       0 |   0.0 |      54 |       0 |   0.0
            +---------+---------+-------+---------+---------+-------
        D:1 |      38 |       0 |   0.0 |      23 |       0 |   0.0
        D:2 |      92 |       0 |   0.0 |      19 |       0 |   0.0
        D:3 |      34 |       0 |   0.0 |      12 |       0 |   0.0
            +---------+---------+-------+---------+---------+-------
